 Dungeon Crawl Stone Soup version 0.25-a0-496-g8c4878dea3 (webtiles) character file.

Game seed: 2584157581188763499, levelgen mode: deterministic

585 RedPan the Chopper (level 7, -2/52 HPs)
             Began as a Gnoll Wanderer on Feb 12, 2020.
             Was a Follower of Cheibriados.
             Slain by a troll (13 damage)
             ... on level 5 of the Dungeon.
             The game lasted 00:05:54 (4044 turns).

RedPan the Chopper (Gnoll Wanderer)                 Turns: 4044, Time: 00:05:55

Health: -2/52      AC: 12    Str: 16    XL:     7   Next: 37%
Magic:  2/10       EV:  9    Int: 15    God:    Cheibriados [*.....]
Gold:   236        SH:  7    Dex: 20    Spells: 10/10 levels left

rFire    . . .     SeeInvis .   k - +1 hand axe (elec)
rCold    . . .     Gourm    .   e - +1 buckler
rNeg     . . .     Faith    .   q - +0 chain mail
rPois    .         Spirit   .   i - +0 helmet
rElec    .         Reflect  .   (no cloak)
rCorr    .         Harm     .   n - +0 pair of gloves (curse)
MR       .....                  (no boots)
Stlth    ..........             (no amulet)
HPRegen  0.17/turn              (no ring)
MPRegen  0.12/turn              (no ring)

@: very slow
A: distributed training, fangs 1, strong nose
a: Bend Time, Renounce Religion


You were on level 5 of the Dungeon.
You worshipped Cheibriados.
Cheibriados was aware of your devotion.
You were hungry.

You visited 2 branches of the dungeon, and saw 6 of its levels.

You collected 236 gold pieces.

Inventory:

Hand Weapons
 a - a +3 hand axe
 k - a +1 hand axe of electrocution (weapon)
Armour
 e - a +1 buckler (worn)
 i - a +0 helmet (worn)
 n - a cursed +0 pair of gloves (worn)
 q - a +0 chain mail (worn)
Jewellery
 l - an uncursed amulet of magic regeneration {unknown}
Wands
 f - a wand of enslavement (11)
Scrolls
 b - a scroll of teleportation
 c - a scroll of identify
 g - a scroll of blinking
 p - a scroll of remove curse
Potions
 h - a potion of agility {unknown}
 j - 2 potions of curing {unknown}
 m - a potion of lignification {unknown}
 r - a potion of flight {unknown}
Comestibles
 d - 11 rations
 o - 4 chunks of flesh


   Skills:
 + Level 3.5 Fighting
 + Level 2.4 Short Blades
 + Level 3.5 Long Blades
 + Level 7.0 Axes
 + Level 2.4 Maces & Flails
 + Level 2.4 Polearms
 + Level 2.4 Staves
 + Level 2.4 Slings
 + Level 2.4 Bows
 + Level 2.4 Crossbows
 + Level 2.4 Throwing
 + Level 5.2 Armour
 + Level 3.5 Dodging
 + Level 2.4 Stealth
 + Level 3.5 Shields
 + Level 2.4 Unarmed Combat
 + Level 2.4 Spellcasting
 + Level 2.0 Conjurations
 + Level 2.0 Hexes
 + Level 2.0 Charms
 + Level 2.0 Summonings
 + Level 2.0 Necromancy
 + Level 2.0 Translocations
 + Level 2.0 Transmutations
 + Level 2.0 Fire Magic
 + Level 2.0 Ice Magic
 + Level 2.0 Air Magic
 + Level 2.0 Earth Magic
 + Level 2.0 Poison Magic
 + Level 2.6 Invocations
 + Level 3.5 Evocations


You had 10 spell levels left.
You didn't know any spells.
Your spell library was empty.

Dungeon Overview and Level Annotations

Branches:
Dungeon (5/15)             Temple (1/1) D:4

Altars:
Ashenzari
Cheibriados
Dithmenos
Fedhas
Gozag
Hepliaklqana
Makhleb
Nemelex Xobeh
Okawaru
Qazlal
Ru
Trog
Uskayaw
Vehumet
Wu Jian
Xom
Zin
The Shining One


Innate Abilities, Weirdness & Mutations

Your experience applies equally to all skills.
You have very sharp teeth.
Your uncanny sense of smell can sniff out nearby items.


Message History

The troll bites you but does no damage. You block the troll's attack.
The troll claws you.
You closely miss the troll.
The troll is severely wounded.
You closely miss the troll. Your bite misses the troll.
The troll is severely wounded.
The troll bites you but does no damage. The troll barely misses you.
The troll claws you but does no damage.
Unknown command.
Your chain mail prevents you from hitting the troll.
The troll is severely wounded.
The crimson imp blinks!
You block the troll's attack. The troll closely misses you.
The troll claws you.
* * * LOW HITPOINT WARNING * * *
You closely miss the troll.
The troll is severely wounded.
You closely miss the troll.
The troll is severely wounded.
The troll bites you!
You die...

..... #.....
.....##...###
.....?......# #####
............# #...# .
.....†......# ##...##.
.....#......# #....#..
............# #.5..#.#
.##.#.......# #.#.##.#
#..........# #@#.##.#
#..##......# #T#.##.#
#........T##
##S#Z##.##
...#######h#
#.h......#
...........#
#......[.#
###.(...T####........#
##.......##........#
######............#
##...........#


You could see a troll, a crimson imp, an adder and a jackal.

Vanquished Creatures
  A slave (D:5)
  3 scorpions
  A howler monkey (D:4)
  2 orc priests
  Jessica (D:3)
  An iguana (D:4)
  A worker ant (D:4)
  7 gnolls (D:3)
  A howler monkey skeleton (D:5)
  8 adders
  2 shadow imps (D:5)
  3 oozes
  4 worms
  2 dart slugs (D:1)
  4 leopard geckos
  5 orcs (D:4)
  2 ball pythons (D:1)
  4 bats
  6 giant cockroaches
  6 goblins
  3 hobgoblins
  2 jackals (D:5)
  6 kobolds
  5 quokkas
  4 frilled lizards
  6 rats
90 creatures vanquished.

Notes
Turn   | Place    | Note
-------+----------+-------------------------------------------
     0 | D:1      | RedPan the Gnoll Wanderer began the quest for the Orb.
     0 | D:1      | RedPan set off with the following items: a +2 hand axe, a
                  | scroll of teleportation, a +0 ring mail, a ration
     0 | D:1      | Reached XP level 1. HP: 17/17 MP: 2/2
   103 | D:1      | Reached XP level 2. HP: 19/23 MP: 3/3
   446 | D:1      | Reached XP level 3. HP: 28/28 MP: 4/4
   734 | D:2      | Reached skill level 1 in Invocations
   885 | D:2      | Reached skill level 1 in Short Blades
   885 | D:2      | Reached skill level 1 in Maces & Flails
   885 | D:2      | Reached skill level 1 in Polearms
   885 | D:2      | Reached skill level 1 in Staves
   885 | D:2      | Reached skill level 1 in Slings
   885 | D:2      | Reached skill level 1 in Bows
   885 | D:2      | Reached skill level 1 in Crossbows
   885 | D:2      | Reached skill level 1 in Throwing
   885 | D:2      | Reached skill level 1 in Stealth
   885 | D:2      | Reached skill level 1 in Unarmed Combat
   885 | D:2      | Reached skill level 1 in Spellcasting
   897 | D:2      | Reached XP level 4. HP: 32/34 MP: 6/6
  1592 | D:2      | Found a hazy altar of Hepliaklqana.
  1751 | D:3      | Noticed Jessica
  1771 | D:3      | Killed Jessica
  1771 | D:3      | Reached skill level 1 in Conjurations
  1771 | D:3      | Reached skill level 1 in Hexes
  1771 | D:3      | Reached skill level 1 in Charms
  1771 | D:3      | Reached skill level 1 in Summonings
  1771 | D:3      | Reached skill level 1 in Necromancy
  1771 | D:3      | Reached skill level 1 in Translocations
  1771 | D:3      | Reached skill level 1 in Transmutations
  1771 | D:3      | Reached skill level 1 in Fire Magic
  1771 | D:3      | Reached skill level 1 in Ice Magic
  1771 | D:3      | Reached skill level 1 in Air Magic
  1771 | D:3      | Reached skill level 1 in Earth Magic
  1771 | D:3      | Reached skill level 1 in Poison Magic
  1771 | D:3      | Reached XP level 5. HP: 7/40 MP: 7/7
  1779 | D:3      | HP: 2/40 [worm (6)]
  2096 | D:3      | Found a shimmering altar of Xom.
  2096 | D:3      | Found a shadowy altar of Dithmenos.
  2096 | D:3      | Found a hide-covered altar of Uskayaw.
  2347 | D:3      | Found an opulent altar of Gozag.
  2348 | D:3      | Found a sparkling altar of Nemelex Xobeh.
  2742 | D:4      | Found a staircase to the Ecumenical Temple.
  2769 | Temple   | Entered the Ecumenical Temple
  2848 | Temple   | Became a worshipper of Cheibriados the Contemplative
  2946 | D:4      | Reached XP level 6. HP: 47/47 MP: 8/8
  2996 | D:4      | Reached skill level 5 in Armour
  3621 | D:5      | Entered Level 5 of the Dungeon
  3727 | D:4      | Reached XP level 7. HP: 52/52 MP: 10/10
  3882 | D:5      | Reached * piety under Cheibriados
  3882 | D:5      | Reached skill level 7 in Axes
  3998 | D:5      | Noticed a troll
  4044 | D:5      | Slain by a troll

Levels and vault maps discovered:
D:1:      nicolae_arrival_memento_mori, layout_loops_ring,
          minmay_shallow_snake_nest
D:2:      layout_loops_cross, marbit_many_paths, first_ration, minivault_4
D:3:      layout_basic, grunt_temple_overflow_opulence,
          grunt_temple_overflow_open, uniq_jessica
D:4:      layout_basic, temple_pool_b
D:5:      cheibrodos_two_vegetables, layout_rooms, uniq_ijyb, uniq_pikel
Temple:   regret_index_temple_waves

Skill      XL: |  1  2  3  4  5  6  7 |
---------------+----------------------+-----
Invocations    | 1 2 |  2.6
Short Blades   | 1 2 |  2.4
Maces & Flails | 1 2 |  2.4
Polearms       | 1 2 |  2.4
Staves         | 1 2 |  2.4
Slings         | 1 2 |  2.4
Bows           | 1 2 |  2.4
Crossbows      | 1 2 |  2.4
Throwing       | 1 2 |  2.4
Stealth        | 1 2 |  2.4
Unarmed Combat | 1 2 |  2.4
Spellcasting   | 1 2 |  2.4
Conjurations   | 1 2 |  2.0
Hexes          | 1 2 |  2.0
Charms         | 1 2 |  2.0
Summonings     | 1 2 |  2.0
Necromancy     | 1 2 |  2.0
Translocations | 1 2 |  2.0
Transmutations | 1 2 |  2.0
Fire Magic     | 1 2 |  2.0
Ice Magic      | 1 2 |  2.0
Air Magic      | 1 2 |  2.0
Earth Magic    | 1 2 |  2.0
Poison Magic   | 1 2 |  2.0
Fighting       | 3 |  3.5
Long Blades    | 3 |  3.5
Dodging        | 3 |  3.5
Shields        | 3 |  3.5
Evocations     | 3 |  3.5
Armour         | 5 |  5.2
Axes           | 7 |  7.0

Action                   |  1- 3 |  4- 6 |  7- 9 || total
-------------------------+-------+-------+-------++-------
Melee: Hand axe          |    68 |   174 |    53 ||   295
       Bite              |     1 |    20 |     9 ||    30
Invok: Bend Time         |       |       |     3 ||     3
  Use: Scroll            |     3 |     2 |     1 ||     6
 Stab: Sleeping          |       |     3 |       ||     3
  Eat: Chunk             |       |     9 |     1 ||    10
Armor: Ring mail         |    21 |    31 |       ||    52
       Chain mail        |       |       |    28 ||    28
Dodge: Dodged            |    29 |    68 |    30 ||   127
Block: Buckler           |       |    51 |    32 ||    83

Table legend:
 A = Non-vault XP
 B = Vault XP
 C = Vault XP percentage of total XP
 D = Non-vault monster count
 E = Vault monster count
 F = Vault count percentage of total count
                 A         B        C        D         E       F
            +---------+---------+-------+---------+---------+-------
      Total |     795 |      42 |   5.0 |      85 |       4 |   4.5
            +---------+---------+-------+---------+---------+-------
        D:1 |      43 |       4 |   8.5 |      19 |       2 |   9.5
        D:2 |      84 |       1 |   1.2 |      20 |       1 |   4.8
        D:3 |     139 |      37 |  21.0 |      18 |       1 |   5.3
        D:4 |     381 |       0 |   0.0 |      21 |       0 |   0.0
        D:5 |     148 |       0 |   0.0 |       7 |       0 |   0.0
            +---------+---------+-------+---------+---------+-------
